AoeStats
← 瓦兰吉程咬金三板斧

African Clearing

510516371Analyzed
4v4 RM · 2d ago on Oct 1, 2026· 46m 3s· 8 players
Game mode
Random Map
Map size
Large (8 player)
Population
200
Speed
Normal
Resources
Standard
Victory
Conquest
Starting age
Dark Age
Ending age
Imperial Age
RankedLock teamsTeams togetherTeam positionsShared explorationLock speedFull tech treeHidden civsTurbo modeCheats
Victory
Defeat
1515
+14
🇬🇧 Berbers · United Kingdom
1457
+16
🇹🇷 Britons · Türkiye
1396
+20
🇬🇷 Koreans · Greece
1362
+21
🇨🇳 Magyars · China
1473
-18
🇨🇳 Spanish · China
1470
-18
🇨🇳 Vietnamese · China
1467
-18
🇨🇳 Saxons · China
1442
-17
坐边打一波就跑
4:06 Loom
13:38 Feudal Age
17:19 Castle Age
15:28 Stone Mining
17:30 Double-Bit Axe
21:22 Town Watch
23:53 Padded Archer Armor
27:00 Husbandry
27:53 Leather Archer Armor
31:07 Gold Mining
32:46 Bloodlines
33:54 Horse Collar
35:20 Fletching
.
12:59 Feudal Age
13:49 Loom
13:50 Double-Bit Axe
19:25 Castle Age
18:40 Gold Mining
18:54 Horse Collar
19:56 Stone Mining
22:03 Bow Saw
24:05 Heavy Plow
26:13 Wheelbarrow
27:42 Hand Cart
31:01 Forging
30:51 Scale Mail Armor
33:50 Imperial Age
32:55 Iron Casting
33:11 Chain Mail Armor
33:01 Squires
32:48 Arson
34:59 Gold Shaft Mining
34:54 Conscription
35:40 Two-Man Saw
35:18 Crop Rotation
34:31 Elite Varangian Guard
36:39 Plate Mail Armor
36:06 Shield Wall
38:19 Ballistics
39:00 Chemistry
39:25 Pikeman
40:18 Halberdier
41:38 Fletching
42:52 Masonry
42:23 Treadmill Crane
44:49 Hoardings
45:13 Bodkin Arrow
摆烂pia
4:10 Loom
12:51 Feudal Age
17:17 Wheelbarrow
19:19 Castle Age
17:34 Double-Bit Axe
18:41 Stone Mining
23:04 Fletching
24:11 Padded Archer Armor
26:08 Gold Mining
27:19 Bodkin Arrow
28:17 Town Watch
30:24 Leather Archer Armor
34:41 Ballistics
39:41 Imperial Age
38:15 Stone Shaft Mining
38:21 Bow Saw
37:54 Horse Collar
39:52 Hand Cart
39:52 Elite Rattan Archer
41:11 Bracer
42:29 Ring Archer Armor
44:24 Chemistry
chunfeng
11:02 Feudal Age
10:21 Loom
12:09 Double-Bit Axe
13:13 Wheelbarrow
15:48 Horse Collar
22:13 Castle Age
20:47 Gold Mining
20:48 Stone Mining
21:20 Town Watch
23:18 Fletching
26:56 Bodkin Arrow
Cufufalating
3:02 Loom
13:09 Feudal Age
17:02 Castle Age
15:44 Double-Bit Axe
18:20 Bow Saw
19:00 Horse Collar
22:00 Fletching
23:38 Bodkin Arrow
24:21 Bloodlines
25:03 Husbandry
25:04 Padded Archer Armor
26:49 Wheelbarrow
26:32 Heavy Plow
29:03 Ballistics
29:47 Leather Archer Armor
30:13 Kasbah
31:31 Hand Cart
37:03 Imperial Age
35:15 Gold Mining
35:17 Stone Mining
36:19 Masonry
37:44 Bracer
38:47 Chemistry
37:13 Elite Camel Archer
38:30 Ring Archer Armor
38:46 Conscription
39:19 Thumb Ring
40:38 Town Watch
42:32 Murder Holes
42:50 Maghrebi Camels
46:33 Siege Engineers
47:10 Gold Shaft Mining
bilalkezer
3:29 Loom
13:41 Feudal Age
17:36 Double-Bit Axe
19:03 Horse Collar
22:09 Gold Mining
22:50 Fletching
25:10 Castle Age
24:15 Wheelbarrow
23:42 Stone Mining
25:54 Bodkin Arrow
26:52 Bow Saw
32:11 Town Watch
33:18 Padded Archer Armor
34:57 Hand Cart
34:42 Town Patrol
36:21 Heavy Plow
40:30 Ballistics
42:41 Imperial Age
40:12 Town Patrol
40:55 Gold Shaft Mining
42:30 Leather Archer Armor
42:41 Treadmill Crane
43:12 Masonry
45:04 Chemistry
44:06 Bracer
45:45 Elite Longbowman
46:47 Conscription
47:31 Two-Man Saw
瓦兰吉程咬金三板斧
12:40 Feudal Age
11:31 Loom
16:22 Castle Age
14:47 Double-Bit Axe
17:48 Bow Saw
23:49 Scale Barding Armor
28:02 Wheelbarrow
29:32 Bloodlines
30:59 Forging
32:27 Husbandry
34:42 Chain Barding Armor
39:13 Imperial Age
36:35 Gold Mining
36:30 Horse Collar
37:47 Iron Casting
39:35 Hand Cart
39:13 Stone Mining
39:30 Elite Jarl
42:14 Blast Furnace
43:09 Conscription
45:30 Plate Barding Armor
Zzulu
14:19 Feudal Age
15:55 Loom
18:11 Castle Age
17:36 Double-Bit Axe
18:15 Fletching
20:13 Bodkin Arrow
20:43 Bow Saw
30:00 Ballistics
33:09 Wheelbarrow
32:20 Town Watch
33:54 Scale Barding Armor
33:51 Husbandry
34:15 Gold Mining
35:23 Horse Collar
39:03 Imperial Age
37:29 Stone Mining
38:20 Gold Shaft Mining
38:46 Hand Cart
38:38 Thumb Ring
40:48 Two-Man Saw
39:50 Bracer
40:35 Conscription
40:08 Elite War Wagon
42:56 Chemistry
42:07 Masonry
Connection lost

Rejoining the realm…

Still unreachable

The connection could not be restored.

Session expired

The server has moved on; the page needs a fresh start.